 Dungeon Crawl Stone Soup version 0.21-a0-265-gb353147 (webtiles) character file.

29 tidbits the Insei (level 2, 0/22 HPs)
             Began as a Demigod Transmuter on Sept 11, 2017.
             Slain by a leopard gecko (1 damage)
             ... on level 2 of the Dungeon.
             The game lasted 00:03:34 (615 turns).

tidbits the Insei (Demigod Transmuter)               Turns: 615, Time: 00:03:36

Health: 0/22       AC:  2    Str: 13    XL:     2   Next: 81%
Magic:  5/8        EV: 12    Int: 17    God:
Gold:   38         SH:  0    Dex: 16    Spells: 3/6 levels left

rFire    . . .     SeeInvis .   a - +0 short sword
rCold    . . .     Gourm    .   (no shield)
rNeg     . . .     Faith    .   b - +0 robe
rPois    .         Spirit   .   (no helmet)
rElec    .         Reflect  .   (no cloak)
rCorr    .         Harm     .   (no gloves)
MR       .....                  (boots currently unavailable)
Stlth    +.........             (no amulet)
HPRegen  0.07/turn              (no ring)
MPRegen  0.11/turn              (no ring)

@: appendage (expiring), very slightly contaminated
A: talons 3, high mp 1
a: End Transformation


You were on level 2 of the Dungeon.
You were not hungry.
You had grown temporary talons.
You visited 1 branch of the dungeon, and saw 2 of its levels.

You collected 38 gold pieces.

Inventory:

Hand Weapons
 a - a +0 short sword (weapon)
 i - a +0 quarterstaff
Missiles
 e - 32 arrows
Armour
 b - a +0 robe (worn)
Scrolls
 f - a scroll of blinking {unknown}
 g - a scroll of noise {unknown}
 h - a scroll of identify {unknown}
 j - a scroll of teleportation {unknown}
Books
 c - a book of Changes

   Spells                             Type                      Level
   a - Beastly Appendage              Transmutation                1
   b - Sticks to Snakes               Transmutation                2
   c - Spider Form                    Transmutation/Poison         3
   d - Ice Form                       Ice/Transmutation            4
   e - Blade Hands                    Transmutation                5
Comestibles
 d - 3 bread rations


   Skills:
 - Level 0.8 Fighting
 - Level 1.7 Dodging
 - Level 2.6 Unarmed Combat
 - Level 2.5 Spellcasting
 + Level 2.3 Transmutations


You had 3 spell levels left.
You knew the following spells:

 Your Spells              Type           Power        Failure   Level  Hunger
e - Beastly Appendage     Tmut           ##....       7%          1    #......
k - Sticks to Snakes      Tmut           ##......     11%         2    ##.....


Dungeon Overview and Level Annotations

Branches:
Dungeon (2/15)


Innate Abilities, Weirdness & Mutations

You have an increased reservoir of magic. (+10% MP)
You have claws for feet.


Message History

You are already wielding that!
Found a mace.
Found a stone staircase leading down.
You see here a mace.
A bat comes into view.
The bat closely misses you. The bat barely misses you.
Found 8 gold pieces.
Casting: Beastly Appendage
Confirm with . or Enter, or press ? or * to list all spells.
You grow a pair of large bovine horns.
The bat hits you but does no damage. The bat barely misses you.
You hit the bat.
The bat is moderately wounded.
The bat hits you. The bat hits you but does no damage.
You barely miss the bat. You headbutt the bat.
You kill the bat!
Your transformation is almost over.
Found a bread ration.
You now have 38 gold pieces (gained 8).
Your horns disappear.
d - 2 bread rations (gained 1)
A rat comes into view.
You see here a bat corpse.
There is a stone staircase leading down here.
A leopard gecko comes into view.
Found 41 stones and a bread ration.
Casting: Beastly Appendage
Confirm with . or Enter, or press ? or * to list all spells.
Your feet morph into talons.
The leopard gecko hisses angrily.
You barely miss the leopard gecko. The leopard gecko barely misses you.
The leopard gecko bites you.
You closely miss the leopard gecko. Your kick misses the leopard gecko.
The leopard gecko bites you but does no damage.
You closely miss the leopard gecko.
Your transformation is almost over.
The rat closely misses you. The leopard gecko closely misses you.
You miss the leopard gecko. You claw the leopard gecko.
The leopard gecko is severely wounded.
The leopard gecko barely misses you. The rat barely misses you.
You completely miss the leopard gecko. You claw the leopard gecko.
You kill the leopard gecko!
The rat bites you.
You closely miss the rat. Your kick misses the rat. The rat closely misses you.
You hit the rat.
You kill the rat!
d - 3 bread rations (gained 1)
Your talons disappear.
Found 11 stones.
A jackal comes into view.
The jackal barks!
Casting: Beastly Appendage
Confirm with . or Enter, or press ? or * to list all spells.
You miscast Beastly Appendage.
You are very lightly contaminated with residual magic.
Nothing appears to happen.
The jackal bites you. The jackal completely misses you.
Casting: Beastly Appendage
Confirm with . or Enter, or press ? or * to list all spells.
Your feet morph into talons.
The jackal bites you.
A jackal and a hobgoblin come into view.
The hobgoblin shouts!
You hit the jackal. Your kick misses the jackal.
The jackal is heavily wounded.
The jackal bites you.
* * * LOW HITPOINT WARNING * * *
The jackal closely misses you.
A leopard gecko comes into view.
The leopard gecko hisses angrily.
You hit the jackal. You claw the jackal, but do no damage.
The jackal is almost dead.
The jackal barely misses you.
You hit the jackal but do no damage. Your kick misses the jackal.
The jackal is almost dead.
The jackal bites you but does no damage.
The jackal bites you.
* * * LOW HITPOINT WARNING * * *
You hit the jackal.
You kill the jackal!
The jackal closely misses you.
You barely miss the jackal. You claw the jackal!
You kill the jackal!
You closely miss the leopard gecko.
You claw the leopard gecko, but do no damage.
The leopard gecko barely misses you. The leopard gecko bites you.
* * * LOW HITPOINT WARNING * * *
A jackal comes into view.
Casting: Beastly Appendage
Confirm with . or Enter, or press ? or * to list all spells.
You create a snake!
You now have 32 arrows.
The leopard gecko bites you.
* * * LOW HITPOINT WARNING * * *
You closely miss the leopard gecko. You claw the leopard gecko.
The leopard gecko is almost dead.
Your transformation is almost over.
The leopard gecko misses you.
Your adder bites the leopard gecko but does no damage.
The leopard gecko bites you.
You die...

# ###.### .......
.......##### .#
.......hgl@# .#
.##.#.(###S###### .#
#.. #......# .# #..
#..###.# ##.#
#..###..###.#### #..#
#........†.....####.###
##.###..###..>...).....
#. #..# ####†####.###
#..# #.# #.#


You could see a leopard gecko, a jackal, a hobgoblin and a friendly adder.

Vanquished Creatures
  A dart slug (D:1)
  3 leopard geckos
  6 bats
  A goblin (D:1)
  2 hobgoblins (D:2)
  2 jackals (D:2)
  5 kobolds
  2 rats (D:2)
22 creatures vanquished.

Notes
Turn   | Place    | Note
-------+----------+-------------------------------------------
     0 | D:1      | tidbits the Demigod Transmuter began the quest for the Orb.
     0 | D:1      | Reached XP level 1. HP: 15/15 MP: 5/5
    53 | D:1      | Reached skill level 2 in Spellcasting
   200 | D:1      | Reached XP level 2. HP: 18/22 MP: 7/7
   204 | D:1      | Learned a level 2 spell: Sticks to Snakes
   417 | D:2      | Reached skill level 2 in Transmutations
   614 | D:2      | HP: 1/22 [leopard gecko (5)]
   615 | D:2      | Slain by a leopard gecko

Vault maps used:
D:1:      dpeg_arrival_fog

Skill      XL: |  1  2 |
---------------+-------+-----
Spellcasting   | 2 |  2.5
Transmutations | 2 |  2.3
Fighting       | |  0.8
Dodging        | |  1.7
Unarmed Combat | |  2.6

Action                   || total
-------------------------++-------
Melee: Short sword       ||    79
       Kick              ||    13
       Headbutt          ||     6
       Unarmed           ||     1
 Cast: Beastly Appendage ||    18
       Sticks to Snakes  ||     1
Armor: Robe              ||    19
Dodge: Dodged            ||    62

Table legend:
 A = Spawn XP
 B = Non-spawn XP
 C = Spawn XP percentage of total XP
 D = Spawn monster count
 E = Non-spawn monster count
 F = Spawn count percentage of total count
 G = Total turns spent on level
                    A         B        C        D         E        F      G
               +---------+---------+-------+---------+---------+-------+---------
         Total |       0 |      42 |   0.0 |       0 |      22 |   0.0 |   615
               +---------+---------+-------+---------+---------+-------+---------
           D:1 |       0 |      21 |   0.0 |       0 |      11 |   0.0 |   265
           D:2 |       0 |      21 |   0.0 |       0 |      11 |   0.0 |   350
               +---------+---------+-------+---------+---------+-------+---------

Table legend:
 A = Turns spent in this place as a percentage of turns spent in the entire game.
 B = Non-inter-level travel turns spent in this place as a percentage of non-inter-level travel turns spent in the entire game.
 C = Inter-level travel turns spent in this place as a percentage of turns spent in this place.
 D = Turns resting spent in this place as a percentage of non-inter-level travel turns spent in this place.
 E = Turns spent auto-exploring this place as a percentage of non-inter-level travel turns spent in this place.
 F = Non-inter-level travel turns spent in this place divided by the number of levels of this place that you've seen.
                   A       B       C       D       E      F
               +-------+-------+-------+-------+-------+----------------------
         Total | 100.0 | 100.0 |   0.0 |   0.0 |   0.0 | 307.5
       Dungeon | 100.0 | 100.0 |   0.0 |   0.0 |   0.0 | 307.5
               +-------+-------+-------+-------+-------+----------------------

Table legend:
 A = Kills in this place as a percentage of kills in entire the game.
 B = Kills by you in this place as a percentage of kills by you in the entire game.
 C = Kills by friends in this place as a percentage of kills by friends in the entire game.
 D = Other kills in this place as a percentage of other kills in the entire game.
 E = Experience gained in this place as a percentage of experience gained in the entire game.
 F = Experience gained in this place divided by the number of levels of this place that you have seen.
                   A       B       C       D       E      F
               +-------+-------+-------+-------+-------+----------------------
         Total | 100.0 | 100.0 |   N/A |   N/A | 100.0 |  21.0
       Dungeon | 100.0 | 100.0 |   N/A |   N/A | 100.0 |  21.0
               +-------+-------+-------+-------+-------+----------------------

Vault maps used:
D:1:      dpeg_arrival_fog
